 Dungeon Crawl Stone Soup version 0.16.2-12-gd0ad4c3 (webtiles) character file.

182 Ijustatesigmund the Sneak (level 5, -7/34 HPs)
             Began as an Octopode Assassin on Oct 14, 2015.
             Killed from afar by an orc wizard (9 damage)
             ... with a magic dart
             ... on level 6 of the Dungeon.
             The game lasted 00:08:28 (3182 turns).

Ijustatesigmund the Sneak (Octopode Assassin)       Turns: 3182, Time: 00:08:29

Health: -7/34      AC:  1    Str: 10    XL:     5   Next: 61%
Magic:  5/5        EV: 12    Int: 19    God:
Gold:   96         SH:  0    Dex: 14    Spells: 0 memorised, 4 levels left

rFire  . . .     SeeInvis .     a - +3 dagger
rCold  . . .     Clarity  .     (no shield)
rNeg   . . .     SustAb   .     (helmet restricted)
rPois  .         Gourm    .     (no amulet)
rElec  .         Spirit   .     (no ring)
rCorr  .         Warding  .     (no ring)
rMut   .         Stasis   .     (no ring)
MR     .....                    (no ring)
Stlth  +++++.....               (no ring)
                                (no ring)
                                (no ring)
                                (no ring)

@: brilliant, not resistant to hostile enchantments, quite stealthy
A: almost no armour, amphibious, 8 rings, constrict 8, camouflage 1, gelatinous
body 1
a: no special abilities


You were on level 6 of the Dungeon.
You were hungry.

You visited 1 branch of the dungeon, and saw 5 of its levels.

You collected 96 gold pieces.

Inventory:

Hand weapons
 a - a +3 dagger (weapon)
 b - a +0 blowgun
Missiles
 e - 8 poisoned needles
 f - 2 curare-tipped needles
Magical devices
 d - a wand of fireball (0)
Scrolls
 h - 2 scrolls of remove curse
 j - a scroll of identify
Comestibles
 g - 2 bread rations
 k - a meat ration


   Skills:
 - Level 2.0 Fighting
 + Level 3.4 Short Blades
 + Level 3.7 Throwing
 - Level 1.0 Dodging
 + Level 6.8 Stealth


You had 4 spell levels left.
You didn't know any spells.

Dungeon Overview and Level Annotations

Branches:
Dungeon (6/15)
 Temple: D:4-7

Altars:
Dithmenos
Makhleb
Trog

Annotations:
D:3 Charly's ghost, weakling GrBe


Innate Abilities, Weirdness & Mutations

You cannot wear most types of armour.
You are amphibious.
You can wear up to eight rings at the same time.
You can use your tentacles to constrict many enemies at once.
Your skin changes colour to match your surroundings (Stealth).
Your rubbery body absorbs attacks (AC +1).


Message History

You hit the orc wizard.
You kill the orc wizard!
The giant cockroach misses you.
The orc wizard gestures wildly while chanting.
The orc wizard blinks!
The orc wizard casts a spell at you. The magic dart hits you!
* * * LOW HITPOINT WARNING * * *
Things that are here:
a dagger; a robe; an orc corpse The giant cockroach waves its antennae.
Items here: )) [ † a club; a leather armour; a hand axe; an orc corpse You barely miss the orc wizard.
You grab the orc wizard. You constrict the orc wizard.
The orc wizard hits you with a dagger.
* * * LOW HITPOINT WARNING * * *
The giant cockroach barely misses you.
The orc wizard gestures at you while chanting.
The magic dart hits you!
You die...

#.# .<.
#§# #§#
#o# #@#
#s# #Y#
#§# #§#
#§# #.#
#.#######
#.......#


You could see an ice beast, an orc wizard and a giant cockroach.

Vanquished Creatures
  An orc priest (D:6)
  An orc wizard (D:6)
  Robin (D:2)
  4 adders
  A worm (D:3)
  An ooze (D:3)
  3 orcs
  2 ball pythons
  4 giant cockroaches
  7 goblins
  11 hobgoblins
  4 jackals (D:3)
  12 kobolds
  A quokka (D:3)
  6 bats
  A giant newt (D:2)
  A quokka skeleton (D:4)
  11 rats
72 creatures vanquished.

Vanquished Creatures (others)
  A fungus (D:6)
1 creature vanquished.

Grand Total: 73 creatures vanquished

Notes
Turn   | Place    | Note
--------------------------------------------------------------
     0 | D:1      | Ijustatesigmund, the Octopode Assassin, began the quest for the Orb.
     0 | D:1      | Reached XP level 1. HP: 14/14 MP: 1/1
   274 | D:1      | Reached XP level 2. HP: 12/19 MP: 2/2
  1038 | D:1      | Reached XP level 3. HP: 21/24 MP: 3/3
  1279 | D:2      | Found a bloodstained altar of Trog.
  1347 | D:2      | Reached skill level 6 in Stealth
  1366 | D:2      | Noticed Robin
  1377 | D:2      | Killed Robin
  1377 | D:2      | Reached XP level 4. HP: 14/29 MP: 4/4
  2132 | D:3      | Found a burning altar of Makhleb.
  2423 | D:3      | Noticed Charly's ghost (weakling GrBe)
  2729 | D:3      | Reached XP level 5. HP: 30/34 MP: 5/5
  3096 | D:4      | Noticed a phantom
  3113 | D:4      | You fall through a shaft for 2 floors!
  3113 | D:6      | Noticed an orc warrior
  3128 | D:6      | Noticed an ice beast
  3152 | D:6      | Found a shadowy altar of Dithmenos.
  3182 | D:6      | Killed from afar by an orc wizard

Action                   |  1- 3 |  4- 6 || total
-------------------------+-------+-------++-------
Melee: Dagger            |    75 |    85 ||   160
 Fire: Blowgun           |     2 |     3 ||     5
Evoke: Wand              |       |     3 ||     3
  Use: Scroll            |     5 |     6 ||    11
       Potion            |     1 |     1 ||     2
 Stab: Sleeping          |     6 |     9 ||    15
       Distracted        |     1 |       ||     1
  Eat: Chunk             |     1 |     4 ||     5
       Pizza             |       |     1 ||     1
